 Dungeon Crawl Stone Soup version 0.21.1-1-g345015f (webtiles) character file.

418 Solrac the Cudgeler (level 6, -1/85 HPs)
             Began as a Minotaur Berserker on Feb 20, 2018.
             Was a Believer of Trog.
             Slain by an ogre
             ... wielding a +0 giant club
              (14 damage)
             ... on level 4 of the Dungeon on Feb 23, 2018.
             The game lasted 00:20:32 (3813 turns).

Solrac the Cudgeler (Minotaur Berserker)            Turns: 3813, Time: 00:20:33

Health: -1/85      AC:  7    Str: 26    XL:     6   Next: 61%
Magic:  5/5        EV: 10    Int:  4    God:    Trog [**....]
Gold:   114        SH:  3    Dex: 12    Spells: 5/5 levels left

rFire    . . .     SeeInvis .   p - -3 flail (curse)
rCold    . . .     Gourm    .   h - +0 buckler
rNeg     . . .     Faith    .   i - +1 scale mail
rPois    .         Spirit   .   (helmet restricted)
rElec    .         Reflect  .   (no cloak)
rCorr    .         Harm     .   (no gloves)
MR       .....                  (no boots)
Stlth    ..........             (no amulet)
HPRegen  0.24/turn              (no ring)
MPRegen  0.09/turn              (no ring)

@: berserking, very quick
A: retaliatory headbutt, horns 2
a: Berserk, Trog's Hand, Burn Spellbooks, Renounce Religion


You were on level 4 of the Dungeon.
You worshipped Trog.
Trog was pleased with you.
You were near starving.

You visited 1 branch of the dungeon, and saw 4 of its levels.

You collected 114 gold pieces.

Inventory:

Hand Weapons
 a - a +0 mace
 p - a cursed -3 flail (weapon)
Missiles
 f - 191 stones (quivered)
Armour
 b - a +0 animal skin
 h - a +0 buckler (worn)
 i - a +1 scale mail (worn)
Jewellery
 l - an uncursed ring of resist corrosion {unknown}
 n - an uncursed ring of magical power {unknown}
Scrolls
 e - a scroll of immolation
 j - a scroll of fog
 k - a scroll of amnesia
 m - 2 scrolls of teleportation
 r - a scroll of identify
Potions
 d - 3 potions of curing {unknown}
 g - 2 potions of agility {unknown}
 o - a potion of might {unknown}
 q - a potion of degeneration {unknown}
Comestibles
 c - 7 rations


   Skills:
 + Level 6.0 Fighting
 * Level 7.7 Maces & Flails
 - Level 2.4 Armour
 - Level 2.1 Dodging


You had 5 spell levels left.
You didn't know any spells.

Dungeon Overview and Level Annotations

Branches:
Dungeon (4/15)
 Temple: D:4-7

Altars:
Nemelex Xobeh
Okawaru
Sif Muna
Vehumet


Innate Abilities, Weirdness & Mutations

You reflexively headbutt those who attack you in melee.
You have a pair of horns on your head.


Message History

Your Fighting skill increases to level 6!
You feel a bit more experienced.
You sock the orc!
You kill the orc!
Trog accepts your kill. The ogre hits you with a giant club!!
* * * LOW HITPOINT WARNING * * *
Items here: )) ? [ † a club; a dagger; a robe; a scroll labeled YTSONA SUCOF; an orc corpse You sock the ogre!
The ogre is heavily wounded.
The ogre hits you with a giant club!
* * * LOW HITPOINT WARNING * * *
A red film seems to cover your vision as you go berserk!
You feel yourself moving faster!
You feel mighty!
You are near starving!
You barely miss the ogre. Your headbutt misses the ogre.
The ogre is heavily wounded.
The ogre hits you with a giant club!
You die...

#.# #.# # ##.######
#.# ...###.......#
#.#
.............######.#
#..>..........[#
##......########
#......# #.###### #@#
#O# #O# .o. #.# #.#
..# ...


You could see 2 ogres and an orc.

Vanquished Creatures
  Menkaure (D:4)
  2 orc priests
  A bullfrog skeleton (D:4)
  2 orc wizards (D:4)
  A worker ant (D:4)
  Robin (D:2)
  4 adders
  An ooze (D:3)
  3 worms
  A dart slug (D:3)
  4 leopard geckos
  10 orcs
  5 bats (D:2)
  3 giant cockroaches (D:2)
  12 goblins
  11 hobgoblins
  3 quokkas
  A ball python (D:1)
  7 frilled lizards
  5 kobolds
  11 rats
89 creatures vanquished.

Notes
Turn   | Place    | Note
-------+----------+-------------------------------------------
     0 | D:1      | Solrac the Minotaur Berserker began the quest for the Orb.
     0 | D:1      | Reached XP level 1. HP: 19/19 MP: 0/0
   265 | D:1      | Reached skill level 4 in Maces & Flails
   514 | D:1      | Reached XP level 2. HP: 27/27 MP: 1/1
   842 | D:2      | Reached XP level 3. HP: 26/33 MP: 2/2
  1044 | D:2      | Noticed Robin
  1097 | D:2      | Killed Robin
  1097 | D:2      | Reached skill level 5 in Maces & Flails
  1133 | D:2      | Reached ** piety under Trog
  1240 | D:2      | Found an iron altar of Okawaru.
  1318 | D:2      | Reached XP level 4. HP: 23/41 MP: 3/3
  1608 | D:2      | Found a deep blue altar of Sif Muna.
  1610 | D:2      | Found a sparkling altar of Nemelex Xobeh.
  1812 | D:3      | Reached skill level 6 in Maces & Flails
  2136 | D:3      | Reached skill level 5 in Fighting
  2136 | D:3      | Reached XP level 5. HP: 48/48 MP: 4/4
  3451 | D:4      | Noticed Menkaure
  3456 | D:4      | Killed Menkaure
  3456 | D:4      | Reached skill level 7 in Maces & Flails
  3456 | D:4      | Reached XP level 6. HP: 57/57 MP: 5/5
  3607 | D:4      | Found a radiant altar of Vehumet.
  3813 | D:4      | Slain by an ogre

Skill      XL: |  1  2  3  4  5  6 |
---------------+-------------------+-----
Maces & Flails | 4 5 6 7 |  7.7
Fighting       | 4 5 6 |  6.0
Armour         | |  2.4
Dodging        | |  2.1

Action                   |  1- 3 |  4- 6 || total
-------------------------+-------+-------++-------
Melee: Mace              |    79 |    86 ||   165
       Headbutt          |     9 |    19 ||    28
       Flail             |       |    45 ||    45
Invok: Berserk           |       |     2 ||     2
  Use: Scroll            |       |     6 ||     6
  Eat: Chunk             |     1 |     8 ||     9
Armor: Scale mail        |    37 |    38 ||    75
Dodge: Dodged            |    50 |    59 ||   109
Block: Buckler           |       |     1 ||     1
